[Event "ICC tourney 2808 (40 10)"]
[Site "Internet Chess Club"]
[Date "2022.01.29"]
[Round "3"]
[White "MADSEN, STUART:gmstuartscott"]
[Black "THAVUTAM, MANVITH:ManvithT"]
[Result "0-1"]
[ICCResult "White checkmated"]
[WhiteElo "717"]
[BlackElo "877"]
[Opening "QGD semi-Slav"]
[ECO "D43"]
[NIC "SL.03"]
[Time "15:30:19"]
[PlyCount "34"]
[TimeControl "2400+10"]

1. d4 d5 2. c4 c6 3. Nf3 Nf6 4. Nc3 e6 5. a3 Be7 6. Bg5 h6 7. Bf4 O-O 8. Be5
Nbd7 9. Bf4 c5 10. Qc1 cxd4 11. Bxh6 gxh6 12. Qxh6 Nh7 13. Nxd4 Bg5 14. Qh5
Ndf6 15. Qf3 e5 16. Nf5 dxc4 17. h4 Qd2# {White checkmated} 0-1

[Event "ICC tourney 2808 (40 10)"]
[Site "Internet Chess Club"]
[Date "2022.01.29"]
[Round "3"]
[White "Liwat, Lowell K:moneymo"]
[Black "HUANG, TERRY TIANYI:hhuangterry"]
[Result "0-1"]
[ICCResult "White resigns"]
[WhiteElo "1392"]
[BlackElo "1177"]
[Opening "French: advance variation"]
[ECO "C02"]
[NIC "FR.03"]
[Time "15:30:16"]
[PlyCount "46"]
[TimeControl "2400+10"]

1. e4 e6 2. d4 d5 3. e5 c5 4. c3 Nc6 5. f4 Nh6 6. Nf3 Qb6 7. Bd3 Bd7 8. Bc2
cxd4 9. cxd4 Nb4 10. Nc3 Rc8 11. O-O Nxc2 12. Qxc2 Nf5 13. Qf2 h5 14. Rd1
Be7 15. g3 O-O 16. h4 Rc4 17. Ne2 Rfc8 18. b3 Rc2 19. Rd2 Bb5 20. Rxc2 Rxc2
21. Bd2 Bxe2 22. Qxe2 Nxd4 23. Nxd4 Qxd4+ {White resigns} 0-1

[Event "ICC tourney 2808 (40 10)"]
[Site "Internet Chess Club"]
[Date "2022.01.29"]
[Round "3"]
[White "SISTA, SAI VIJAY HIMAGHNA:Chessboy5"]
[Black "Zhong, Evan:zhangsai01"]
[Result "1-0"]
[ICCResult "Black checkmated"]
[WhiteElo "1263"]
[BlackElo "940"]
[Opening "Modern defense"]
[ECO "A40"]
[NIC "QO.17"]
[Time "15:30:22"]
[PlyCount "119"]
[TimeControl "2400+10"]

1. d4 g6 2. Bf4 Bg7 3. e3 d5 4. c3 c6 5. Bd3 Qb6 6. Qb3 Qxb3 7. axb3 a6 8.
Nd2 Be6 9. Ngf3 Nf6 10. b4 Nbd7 11. Nb3 O-O 12. Nc5 Nxc5 13. bxc5 Nh5 14.
Bc7 Rac8 15. Bb6 Bg4 16. Nd2 e5 17. Nb3 Rce8 18. Kd2 Bc8 19. Na5 f5 20. Be2
Nf6 21. f3 Nd7 22. Bc7 e4 23. f4 Bf6 24. c4 Bd8 25. Bd6 Rf6 26. b4 Bxa5 27.
Rxa5 dxc4 28. Bxc4+ Kh8 29. d5 cxd5 30. Bxd5 b6 31. Ra4 bxc5 32. bxc5 Nb6
33. Rd4 Nxd5 34. Rxd5 Bb7 35. Rd4 Kg8 36. Rb1 Bc6 37. Rb6 Bb5 38. Rb7 Rc8
39. Re7 Re8 40. Rd5 Rxe7 41. Bxe7 Re6 42. Bg5 Re8 43. Kc3 Kf7 44. Kb4 Rb8
45. Ka5 Rc8 46. Kb6 Rc6+ 47. Kb7 Ke6 48. Re5+ Kf7 49. Re7+ Kg8 50. Bh6 Rxc5
51. Rg7+ Kf8 52. Rc7+ Ke8 53. Rxc5 Bf1 54. Rc7 Bxg2 55. Kc6 Bf1 56. Kd6 a5
57. Ke6 Kd8 58. Rc6 a4 59. Bg5+ Ke8 60. Rc8# {Black checkmated} 1-0

[Event "ICC tourney 2808 (40 10)"]
[Site "Internet Chess Club"]
[Date "2022.01.29"]
[Round "3"]
[White "CAO, DANIEL:danielcao"]
[Black "TOUS, SEBASTIAN:SeaBiscuit12"]
[Result "0-1"]
[ICCResult "White checkmated"]
[WhiteElo "1318"]
[BlackElo "1014"]
[Opening "Caro-Kann: advance variation"]
[ECO "B12"]
[NIC "CK.04"]
[Time "15:30:28"]
[PlyCount "48"]
[TimeControl "2400+10"]

1. e4 c6 2. d4 d5 3. e5 Bf5 4. c3 e6 5. Nd2 c5 6. Ngf3 Nc6 7. Be2 Qb6 8. Nb3
cxd4 9. cxd4 Bb4+ 10. Bd2 Nge7 11. O-O O-O 12. Rc1 a5 13. Be3 a4 14. Nc5
Bxc5 15. Rxc5 Qxb2 16. Rb5 Qxa2 17. Rxb7 Rab8 18. Rxb8 Rxb8 19. Qd2 Rb2 20.
Qd1 Rxe2 21. Nd2 Nxd4 22. Qb1 Bxb1 23. Rxb1 Qxb1+ 24. Nxb1 Re1#
{White checkmated}
0-1

[Event "ICC tourney 2808 (40 10)"]
[Site "Internet Chess Club"]
[Date "2022.01.29"]
[Round "3"]
[White "ASHOK, AMUDHAN:amudhanashok"]
[Black "HAMLETT, JAMES MORRISON:Hamlett144"]
[Result "0-1"]
[ICCResult "White checkmated"]
[WhiteElo "963"]
[BlackElo "1276"]
[Opening "Owen defense"]
[ECO "B00"]
[NIC "VO.01"]
[Time "15:30:35"]
[PlyCount "80"]
[TimeControl "2400+10"]

1. e4 b6 2. Nf3 Bb7 3. Nc3 e6 4. d4 Bb4 5. Bd2 Bxc3 6. Bxc3 Bxe4 7. Be2 Nf6
8. O-O O-O 9. Re1 Nc6 10. Bb5 Ne7 11. d5 Nexd5 12. Bxf6 Nxf6 13. Bd3 Bxd3
14. Qxd3 d5 15. Rad1 c5 16. Re5 Ne4 17. Nd2 Nxd2 18. Qxd2 Qf6 19. Rg5 Rad8
20. Re1 Qxb2 21. Re3 Qa1+ 22. Re1 Qf6 23. g3 Rfe8 24. Ree5 d4 25. Rh5 Rd5
26. Rxd5 exd5 27. Rxd5 Re5 28. Rd7 a5 29. Rb7 h6 30. Rb8+ Kh7 31. Qd3+ g6
32. Rb7 Re1+ 33. Kg2 Qc6+ 34. Qf3 Rg1+ 35. Kxg1 Qxf3 36. Rxb6 c4 37. Ra6 d3
38. cxd3 cxd3 39. Rxa5 d2 40. Ra4 d1=Q# {White checkmated} 0-1

[Event "ICC tourney 2808 (40 10)"]
[Site "Internet Chess Club"]
[Date "2022.01.29"]
[Round "3"]
[White "TOPA, RONALD:RonTopa"]
[Black "Bharathy Mohan, Aarav Sai:aaravbm"]
[Result "0-1"]
[ICCResult "White resigns"]
[WhiteElo "1228"]
[BlackElo "896"]
[Opening "QGD Slav: 4.Nc3"]
[ECO "D15"]
[NIC "SL.03"]
[Time "15:30:28"]
[PlyCount "67"]
[TimeControl "2400+10"]

1. d4 d5 2. c4 c6 3. Nc3 Nf6 4. Nf3 Bf5 5. e3 Nbd7 6. Bd3 Bxd3 7. Qxd3 dxc4
8. Qxc4 Nb6 9. Qb3 e6 10. O-O Be7 11. e4 O-O 12. Be3 h6 13. h3 Nfd7 14. Rac1
Re8 15. Rfd1 Kh8 16. Ne5 Nxe5 17. dxe5 Qb8 18. f4 Rd8 19. f5 exf5 20. exf5
Qxe5 21. Bxb6 Rxd1+ 22. Rxd1 axb6 23. Qxf7 Bc5+ 24. Kh1 Bd6 25. Kg1 Qh2+ 26.
Kf1 Qh1+ 27. Kf2 Qh2 28. Ne4 Qf4+ 29. Kg1 Qxe4 30. Rxd6 Qe1+ 31. Kh2 Qe5+
32. Kh1 Qxd6 33. Qb3 Re8 34. Qg3 {White resigns} 0-1

[Event "ICC tourney 2808 (40 10)"]
[Site "Internet Chess Club"]
[Date "2022.01.29"]
[Round "3"]
[White "YOUNG, BRUCE:Brucehero"]
[Black "AHN, WILLIAM TK:kitook"]
[Result "1-0"]
[ICCResult "Black resigns"]
[WhiteElo "1234"]
[BlackElo "1045"]
[Opening "Ruy Lopez: exchange variation"]
[ECO "C68"]
[NIC "RL.08"]
[Time "15:30:25"]
[PlyCount "73"]
[TimeControl "2400+10"]

1. e4 e5 2. Nf3 Nc6 3. Bb5 a6 4. Bxc6 dxc6 5. d4 exd4 6. Qxd4 Qxd4 7. Nxd4
Bc5 8. Be3 Nf6 9. f3 O-O 10. Nf5 Bxe3 11. Nxe3 Re8 12. Nd2 Be6 13. O-O-O
Rad8 14. Ndc4 b5 15. Na5 c5 16. Rxd8 Rxd8 17. Nb7 Rd4 18. Nxc5 a5 19. Rd1
Rxd1+ 20. Nxd1 Kf8 21. Nxe6+ fxe6 22. Kd2 Ke7 23. Ne3 c5 24. c4 b4 25. b3
Kd6 26. Kd3 h5 27. g3 Nh7 28. f4 g6 29. e5+ Kc6 30. g4 hxg4 31. Nxg4 Kd7 32.
Nf6+ Nxf6 33. exf6 Kd6 34. Ke4 Kd7 35. Ke5 Ke8 36. Kxe6 Kf8 37. f7
{Black resigns}
1-0

[Event "ICC tourney 2808 (40 10)"]
[Site "Internet Chess Club"]
[Date "2022.01.29"]
[Round "3"]
[White "YUAN, DAVID:David1250"]
[Black "BOGIN, THEODORE:tbogin1"]
[Result "1-0"]
[ICCResult "Black resigns"]
[WhiteElo "1225"]
[BlackElo "1492"]
[Opening "Sicilian: Najdorf, Lipnitzky attack"]
[ECO "B86"]
[NIC "SI.13"]
[Time "15:30:53"]
[PlyCount "95"]
[TimeControl "2400+10"]

1. e4 c5 2. Nf3 d6 3. d4 cxd4 4. Nxd4 Nf6 5. Nc3 a6 6. Bc4 e6 7. O-O Nxe4 8.
Nxe4 d5 9. Bg5 Be7 10. Bxe7 Qxe7 11. Bxd5 exd5 12. Nc3 Be6 13. Re1 O-O 14.
Nxd5 Qc5 15. Nxe6 fxe6 16. Ne3 Nc6 17. Qg4 Rf6 18. Rad1 Raf8 19. Rd7 g6 20.
Rxb7 Ne5 21. Qh3 h5 22. Qg3 Rxf2 23. h3 Rxc2 24. b4 Qd4 25. Rd1 Nf3+ 26.
Qxf3 Rxf3 27. Rxd4 Rc1+ 28. Kh2 Rf8 29. Rdd7 Rf2 30. Kg3 Rf6 31. Re7 g5 32.
Rb8+ Rf8 33. Rxf8+ Kxf8 34. Rxe6 Rc3 35. Kh2 Ra3 36. Nf5 Rxa2 37. Rf6+ Ke8
38. Ng7+ Ke7 39. Nxh5 Ra4 40. Rb6 a5 41. Ra6 Rxb4 42. Rxa5 g4 43. h4 Kf7 44.
Rg5 Rc4 45. Ng3 Kf6 46. Nf5 Rc3 47. Nd6 Ra3 48. Rxg4 {Black resigns} 1-0

[Event "ICC tourney 2808 (40 10)"]
[Site "Internet Chess Club"]
[Date "2022.01.29"]
[Round "3"]
[White "RAMANATHAN, VARUN:Grasshopper411"]
[Black "Sreekumar, Gauri:gsgirl"]
[Result "1-0"]
[ICCResult "Black resigns"]
[WhiteElo "1062"]
[BlackElo "1448"]
[Opening "Sicilian: closed"]
[ECO "B23"]
[NIC "SI.44"]
[Time "15:30:40"]
[PlyCount "39"]
[TimeControl "2400+10"]

1. e4 c5 2. Nc3 d6 3. Bb5+ Bd7 4. Bc4 Nf6 5. d3 g6 6. f4 Bg7 7. Nf3 Nc6 8.
Bd2 O-O 9. Qe2 Bg4 10. h3 Bxf3 11. Qxf3 Nd4 12. Qd1 Nh5 13. g4 e6 14. gxh5
Qh4+ 15. Kf1 Qg3 16. hxg6 fxg6 17. Qg4 Qxg4 18. hxg4 Be5 19. f5 Kg7 20. Bh6+
{Black resigns}
1-0

[Event "ICC tourney 2808 (40 10)"]
[Site "Internet Chess Club"]
[Date "2022.01.29"]
[Round "3"]
[White "Agahian, Ryan:AgahianR"]
[Black "FILOSOFOV, VASILII:Filosofov"]
[Result "0-1"]
[ICCResult "White checkmated"]
[WhiteElo "836"]
[BlackElo "1379"]
[Opening "King's Indian defense, 3.Nc3"]
[ECO "E61"]
[NIC "KI.80"]
[Time "15:30:16"]
[PlyCount "138"]
[TimeControl "2400+10"]

1. d4 Nf6 2. c4 g6 3. Nc3 Bg7 4. Nf3 O-O 5. Bf4 c6 6. e3 d5 7. Be2 dxc4 8.
Bxc4 Bf5 9. Qb3 Nbd7 10. Qxb7 Nb6 11. Bc7 Qd7 12. Ne5 Qc8 13. Qxc8 Raxc8 14.
Bxb6 axb6 15. O-O c5 16. dxc5 Rxc5 17. f4 Ne4 18. g4 Bxe5 19. fxe5 Bxg4 20.
Bxf7+ Rxf7 21. Rxf7 Kxf7 22. Nxe4 Rxe5 23. Nc3 Rxe3 24. Kf2 Rf3+ 25. Kg2 Rd3
26. Rb1 Rd2+ 27. Kg3 Bf5 28. Rf1 Rxb2 29. Na4 Rb4 30. Nc3 b5 31. Nd5 Rb2 32.
a4 bxa4 33. Ra1 Rb3+ 34. Kf4 Be6 35. Ne3 a3 36. Nc2 a2 37. Rxa2 Rh3 38. Ra8
Rxh2 39. Nd4 Bd5 40. Ra6 Rd2 41. Ra4 Rg2 42. Ke3 Rg4 43. Ra1 h5 44. Rf1+ Kg7
45. Rc1 h4 46. Rc5 Bg2 47. Nf3 h3 48. Nh2 Rg3+ 49. Kf2 Rd3 50. Re5 Kf6 51.
Ng4+ Kf7 52. Kg1 Rd1+ 53. Kh2 Rh1+ 54. Kg3 Bf1 55. Re1 Rg1+ 56. Kf4 g5+ 57.
Ke3 Rxg4 58. Rxf1+ Kg6 59. Rf8 h2 60. Rh8 Rh4 61. Rg8+ Kf7 62. Rxg5 h1=Q 63.
Rf5+ Ke6 64. Rf2 Qe4+ 65. Kd2 Qd4+ 66. Ke2 Re4+ 67. Kf1 Rf4 68. Kg1 Qxf2+
69. Kh1 Rh4# {White checkmated} 0-1

[Event "ICC tourney 2808 (40 10)"]
[Site "Internet Chess Club"]
[Date "2022.01.29"]
[Round "3"]
[White "Hua, Joshua:lovealek"]
[Black "SREEKUMAR, GAYATHRI:K01-30061958"]
[Result "0-1"]
[ICCResult "White forfeits on time"]
[WhiteElo "493"]
[BlackElo "933"]
[Opening "Sicilian: dragon, classical attack"]
[ECO "B73"]
[NIC "SI.15"]
[Time "15:30:25"]
[PlyCount "56"]
[TimeControl "2400+10"]

1. e4 c5 2. Nf3 d6 3. d4 cxd4 4. Nxd4 Nf6 5. Nc3 g6 6. Be2 Bg7 7. Be3 O-O 8.
O-O Nc6 9. Nxc6 bxc6 10. Qd2 d5 11. exd5 cxd5 12. Rad1 Be6 13. Bf3 Rb8 14.
Rb1 Ng4 15. Bxg4 Bxg4 16. h3 Be6 17. Bxa7 Rb7 18. Be3 d4 19. Bxd4 Bxd4 20.
Rfd1 Rd7 21. Rf1 Bxc3 22. Qxc3 Rd5 23. a3 Qd7 24. Rfe1 Rg5 25. Re3 Qb7 26.
Rg3 Rxg3 27. Qxg3 Rc8 28. c3 Rc4 {White forfeits on time} 0-1

[Event "ICC tourney 2808 (40 10)"]
[Site "Internet Chess Club"]
[Date "2022.01.29"]
[Round "3"]
[White "SUNDARAM, KAVIN:weirdchicken"]
[Black "Mason, Nelson:nelsonmason"]
[Result "1-0"]
[ICCResult "Black resigns"]
[WhiteElo "876"]
[BlackElo "1173"]
[Opening "Sicilian defense"]
[ECO "B30"]
[NIC "SI.31"]
[Time "15:30:25"]
[PlyCount "67"]
[TimeControl "2400+10"]

1. e4 c5 2. Nf3 Nc6 3. Bc4 e6 4. Nc3 Be7 5. d3 Bf6 6. Bf4 a6 7. Bd6 Nd4 8.
Bxc5 Nxf3+ 9. Qxf3 Qc7 10. Bb4 b5 11. Bb3 Bb7 12. O-O Be5 13. Kh1 Nf6 14. h3
O-O-O 15. Qe3 d5 16. d4 Bf4 17. Qe1 dxe4 18. Ne2 h5 19. Ba5 Qd6 20. Bxd8
Kxd8 21. Nxf4 Qxf4 22. Qe3 Qf5 23. Qg3 Kd7 24. Qxg7 Rh7 25. Qg3 Ng4 26. hxg4
hxg4+ 27. Kg1 Qh5 28. f4 exf3 29. gxf3 Qh1+ 30. Kf2 Rh2+ 31. Ke3 Rg2 32.
Qxg4 Rxg4 33. Rxh1 Rg3 34. Raf1 {Black resigns} 1-0

[Event "ICC tourney 2808 (40 10)"]
[Site "Internet Chess Club"]
[Date "2022.01.29"]
[Round "3"]
[White "ZHANG, FRED:Fredzhang"]
[Black "THAPER, RISHUBH:MajorKey"]
[Result "1-0"]
[ICCResult "Black resigns"]
[WhiteElo "1494"]
[BlackElo "1121"]
[Opening "Ponziani opening"]
[ECO "C44"]
[NIC "KP.05"]
[Time "15:30:23"]
[PlyCount "109"]
[TimeControl "2400+10"]

1. e4 e5 2. Nf3 Nc6 3. c3 d5 4. exd5 Qxd5 5. d4 Bg4 6. Be2 exd4 7. Nxd4 Qxg2
8. Rf1 Nxd4 9. Qxd4 Bxe2 10. Kxe2 Bd6 11. Be3 Ne7 12. Nd2 Nc6 13. Qe4+ Qxe4
14. Nxe4 Bxh2 15. Rh1 Be5 16. f4 f5 17. Ng5 Bd6 18. Rxh7 Rxh7 19. Nxh7 O-O-O
20. Ng5 Re8 21. Kd3 Ne7 22. Nf7 Nd5 23. Nxd6+ cxd6 24. Bd2 Re4 25. Rf1 b5
26. Rg1 Nxf4+ 27. Bxf4 Rxf4 28. Rxg7 a5 29. b3 Re4 30. Rf7 Re5 31. Ra7 b4
32. cxb4 axb4 33. Kc4 Re4+ 34. Kd5 Re2 35. Kxd6 f4 36. Rf7 Rxa2 37. Rxf4
Ra6+ 38. Kc5 Ra7 39. Rf8+ Kb7 40. Kb5 Ra8 41. Rf7+ Kc8 42. Rf8+ Kb7 43. Rxa8
Kxa8 44. Kxb4 Kb7 45. Kb5 Kc7 46. Ka6 Kb8 47. Kb6 Ka8 48. Kc7 Ka7 49. b4 Ka6
50. Kc6 Ka7 51. b5 Kb8 52. Kb6 Ka8 53. Kc7 Ka7 54. b6+ Ka6 55. b7
{Black resigns}
1-0

[Event "ICC tourney 2808 (40 10)"]
[Site "Internet Chess Club"]
[Date "2022.01.29"]
[Round "3"]
[White "SUNDARAM, SREE:SreeVSundaram"]
[Black "SISTA, HIMAJA:ChessGirl15"]
[Result "1-0"]
[ICCResult "Black checkmated"]
[WhiteElo "1180"]
[BlackElo "685"]
[Opening "QGD Slav: exchange variation, 6.Bf4 Bf5"]
[ECO "D14"]
[NIC "SL.01"]
[Time "15:30:16"]
[PlyCount "111"]
[TimeControl "2400+10"]

1. d4 d5 2. c4 c6 3. cxd5 cxd5 4. Bf4 Nc6 5. Nf3 Bf5 6. Nc3 Nf6 7. e3 a6 8.
a3 e6 9. Rc1 Be7 10. Be2 Nh5 11. Bg3 Nxg3 12. hxg3 Qb6 13. b4 Bd6 14. Bd3
Bxd3 15. Qxd3 f5 16. g4 g6 17. Ng5 Nd8 18. gxf5 exf5 19. Rxh7 Rxh7 20. Nxh7
Rc8 21. Nf6+ Kf7 22. Kd2 Nc6 23. Ncxd5 Qd8 24. e4 Be7 25. Nxe7 Nxe7 26. Rxc8
Nxc8 27. Nd5 Qh4 28. g3 Qg5+ 29. f4 Qd8 30. Nc3 fxe4 31. Qxe4 Nd6 32. Qd5+
Kf8 33. Ne4 Nxe4+ 34. Qxe4 Qb6 35. Qe5 Kf7 36. Qd5+ Kf8 37. Qc5+ Qxc5 38.
dxc5 Ke7 39. Kd3 Ke6 40. Ke4 Kf6 41. g4 Ke6 42. f5+ gxf5+ 43. gxf5+ Kf6 44.
Kd5 Kxf5 45. Kd6 Ke4 46. Kc7 Kd4 47. Kxb7 Kc4 48. c6 Kb3 49. Kxa6 Kxa3 50.
c7 Kxb4 51. c8=Q Kb3 52. Qc1 Kb4 53. Kb6 Ka4 54. Qb1 Ka3 55. Kc5 Ka4 56.
Qb4# {Black checkmated} 1-0

[Event "ICC tourney 2808 (40 10)"]
[Site "Internet Chess Club"]
[Date "2022.01.29"]
[Round "3"]
[White "Jones, Richard S:weakfish"]
[Black "LEE, JEFFREY ALAN:jleecbd"]
[Result "1-0"]
[ICCResult "Black checkmated"]
[WhiteElo "1422"]
[BlackElo "1140"]
[Opening "Caro-Kann defense"]
[ECO "B15"]
[NIC "CK.05"]
[Time "15:30:24"]
[PlyCount "91"]
[TimeControl "2400+10"]

1. e4 c6 2. d4 d5 3. Nc3 e6 4. e5 Bb4 5. Bd2 f6 6. Nf3 c5 7. Bb5+ Bd7 8.
Bxd7+ Qxd7 9. dxc5 Bxc5 10. Qe2 a6 11. O-O Nc6 12. a3 O-O-O 13. Rad1 fxe5
14. Nxe5 Nxe5 15. Qxe5 Nf6 16. Qe2 h5 17. h3 h4 18. b4 Bb6 19. Be3 Bc7 20.
Bg5 Rdf8 21. Rfe1 Re8 22. Rd4 Bb6 23. Rxh4 Rxh4 24. Bxh4 Qd6 25. Kh1 Qc6 26.
Nd1 Bc7 27. Bxf6 gxf6 28. Ne3 Kd8 29. Qf3 Qd6 30. g3 Qe5 31. Ng2 Qg5 32. h4
Qg6 33. Ne3 Qe4 34. Qxe4 dxe4 35. c4 b6 36. Kg2 f5 37. Nc2 Rg8 38. Kh3 Ke7
39. Rd1 f4 40. g4 Kf6 41. Rd7 Be5 42. g5+ Kg6 43. Nd4 f3 44. Nxe6 e3 45. Kg4
exf2 46. h5# {Black checkmated} 1-0

[Event "ICC tourney 2808 (40 10)"]
[Site "Internet Chess Club"]
[Date "2022.01.29"]
[Round "3"]
[White "WESLEY, GEORGE:Maglars"]
[Black "NANDURBARKAR, ANSH S:anandurbarkar"]
[Result "1-0"]
[ICCResult "Black checkmated"]
[WhiteElo "1227"]
[BlackElo "1009"]
[Opening "English: Sicilian reversed"]
[ECO "A25"]
[NIC "EO.20"]
[Time "15:30:17"]
[PlyCount "119"]
[TimeControl "2400+10"]

1. c4 e5 2. Nc3 Nc6 3. g3 Nf6 4. Bg2 Bc5 5. e3 O-O 6. Nge2 Re8 7. O-O Ne7 8.
d4 exd4 9. exd4 Bb4 10. a3 Bxc3 11. Nxc3 c6 12. Bg5 Nf5 13. Re1 Rxe1+ 14.
Qxe1 Qe7 15. Qd2 h6 16. Bxf6 Qxf6 17. d5 a5 18. Qd3 Ne7 19. Re1 Ng6 20. Re3
Ne5 21. Qe2 d6 22. c5 Nd7 23. dxc6 Nxc5 24. cxb7 Bxb7 25. Bxb7 Nxb7 26. Re8+
Rxe8 27. Qxe8+ Kh7 28. Qe4+ Qg6 29. Qxb7 Qg5 30. Kg2 f5 31. Qd5 Qc1 32.
Qxf5+ Kg8 33. Qb5 Qd2 34. Qd5+ Qxd5+ 35. Nxd5 Kf7 36. Kf3 Ke6 37. Ke4 g5 38.
f3 h5 39. h3 h4 40. gxh4 gxh4 41. f4 Kd7 42. b3 Kc6 43. f5 Kd7 44. Kd4 a4
45. bxa4 Kc6 46. a5 Kb7 47. f6 Ka6 48. f7 Kxa5 49. f8=Q Ka4 50. Qa8+ Kb3 51.
Qb7+ Kc2 52. Qc6+ Kd2 53. Qc3+ Ke2 54. Qe3+ Kd1 55. Nc3+ Kc2 56. Ne2 Kb2 57.
Qc3+ Kb1 58. Qc1+ Ka2 59. Kc3 d5 60. Qb2# {Black checkmated} 1-0

[Event "ICC tourney 2808 (40 10)"]
[Site "Internet Chess Club"]
[Date "2022.01.29"]
[Round "3"]
[White "JAIN, PARINYA:StockAlpha2020"]
[Black "ARI, SRINANDASAI:srinandasai12"]
[Result "1-0"]
[ICCResult "Black checkmated"]
[WhiteElo "1288"]
[BlackElo "1168"]
[Opening "Sicilian: dragon, Yugoslav attack, 7...O-O"]
[ECO "B76"]
[NIC "SI.17"]
[Time "15:30:24"]
[PlyCount "99"]
[TimeControl "2400+10"]

1. e4 c5 2. Nf3 d6 3. d4 cxd4 4. Nxd4 Nf6 5. Nc3 g6 6. Be3 Bg7 7. f3 O-O 8.
h4 Nc6 9. Bc4 Bd7 10. Qd2 Rc8 11. Bb3 a6 12. O-O-O Nxd4 13. Bxd4 b5 14. g4
b4 15. Nd5 Nxd5 16. Bxd5 Qc7 17. Bb3 Bxd4 18. Qxd4 h6 19. Qd2 Kh7 20. h5 g5
21. e5 f5 22. e6 Bc6 23. Qd3 Rf6 24. gxf5 Bb5 25. Qe4 a5 26. f4 gxf4 27.
Rhg1 Be8 28. Qg2 Bg6 29. hxg6+ Kg7 30. Qe4 Qa7 31. Ba4 Qc5 32. Qxf4 Rxf5 33.
Qd4+ Qxd4 34. Rxd4 Ra8 35. Rc4 Rc5 36. Rf4 Rf8 37. Rf7+ Rxf7 38. gxf7+ Rg5
39. Rxg5+ hxg5 40. Kd2 Kf8 41. Ke3 d5 42. Bc6 a4 43. Bxa4 g4 44. Bc6 g3 45.
Bxd5 g2 46. Bxg2 b3 47. axb3 Kg7 48. b4 Kg6 49. f8=Q Kh7 50. Be4#
{Black checkmated}
1-0

[Event "ICC tourney 2808 (40 10)"]
[Site "Internet Chess Club"]
[Date "2022.01.29"]
[Round "3"]
[White "Nagarajan, Ramesh:rnagaraj"]
[Black "Wadhwa, Tejas:WinPeps"]
[Result "1-0"]
[ICCResult "Black checkmated"]
[WhiteElo "1201"]
[BlackElo "680"]
[Opening "King's knight's gambit"]
[ECO "C34"]
[NIC "KG.02"]
[Time "15:30:14"]
[PlyCount "105"]
[TimeControl "2400+10"]

1. e4 e5 2. f4 exf4 3. Nf3 Nc6 4. d4 d5 5. e5 f6 6. Bxf4 Bf5 7. Bb5 Ne7 8.
exf6 gxf6 9. Nc3 Qd7 10. O-O O-O-O 11. a3 a6 12. Ba4 Ng6 13. Bg3 Bd6 14. Bf2
Rde8 15. b4 Bg4 16. b5 axb5 17. Nxb5 Qf5 18. Nxd6+ cxd6 19. Bg3 Re6 20. Qd2
Bxf3 21. Rxf3 Qe4 22. Bxc6 bxc6 23. Re1 Qg4 24. h3 Rxe1+ 25. Bxe1 Qe6 26.
Bg3 Re8 27. Qb4 Kc7 28. a4 Rb8 29. Qa5+ Rb6 30. Rb3 Qe2 31. Qxb6+ Kd7 32.
Qb7+ Ke6 33. Qc8+ Kf7 34. Rb7+ Ne7 35. Qxc6 Kg6 36. Qxd6 Nf5 37. Qf4 Ne3 38.
Qf2 Qd1+ 39. Qe1 Qxd4 40. Bf2 Nxc2 41. Rg7+ Kxg7 42. Qe7+ Kg6 43. Bxd4 Nxd4
44. a5 Nc6 45. Qc7 Nb4 46. Qc5 Na6 47. Qxd5 f5 48. Qd6+ Kf7 49. Qxa6 Ke8 50.
Qb7 Kd8 51. a6 Ke8 52. a7 Kd8 53. a8=Q# {Black checkmated} 1-0

[Event "ICC tourney 2808 (40 10)"]
[Site "Internet Chess Club"]
[Date "2022.01.29"]
[Round "3"]
[White "BRUDNO, STEPHEN:StevChess01"]
[Black "CHANG, ALEXANDER:Elatedbook"]
[Result "1/2-1/2"]
[ICCResult "Game drawn by mutual agreement"]
[WhiteElo "1440"]
[BlackElo "1226"]
[Opening "QGD: Albin counter-gambit, Alapin variation"]
[ECO "D08"]
[NIC "QG.02"]
[Time "15:30:17"]
[PlyCount "147"]
[TimeControl "2400+10"]

1. d4 d5 2. c4 e5 3. dxe5 d4 4. Nf3 Nc6 5. Nbd2 Bf5 6. a3 f6 7. exf6 Nxf6 8.
Nb3 d3 9. exd3 Qe7+ 10. Be2 O-O-O 11. O-O Qd6 12. d4 Be7 13. d5 Ne5 14. Nxe5
Qxe5 15. Nd4 Be4 16. Nf3 Bxf3 17. Bxf3 Bd6 18. g3 h5 19. Re1 Qf5 20. h4 Rhf8
21. Bg5 Rd7 22. Rf1 Bc5 23. Bg2 Ne4 24. Qd3 Bxf2+ 25. Kh2 Bxg3+ 26. Kg1 Bf2+
27. Kh2 Qe5+ 28. Kh3 Qf5+ 29. Kh2 Bg3+ 30. Kg1 Nf2 31. Qxf5 Rxf5 32. Be3
Rdf7 33. Bxf2 Rxf2 34. Bh3+ Kd8 35. Rxf2 Rxf2 36. b3 Bxh4 37. Rf1 Rxf1+ 38.
Kxf1 g5 39. Be6 Bg3 40. Kg2 Bd6 41. Bf7 h4 42. Kh3 Bxa3 43. Bh5 Kd7 44. Bg4+
Kd6 45. Kg2 Kc5 46. Bd1 Kd4 47. Kh3 a5 48. Kg4 Be7 49. Be2 Kc3 50. Bf3 b6
51. Bd1 Kd4 52. Be2 Kc5 53. Bd1 c6 54. dxc6 Kxc6 55. Be2 Kd6 56. Bd1 Ke5 57.
Be2 Ke4 58. Bd1 Ke3 59. Bc2 Kd4 60. Bd1 Ke3 61. Bc2 Kf2 62. Bf5 Kg2 63. Be4+
Kh2 64. Bd5 h3 65. Be4 Kg1 66. Kxh3 Kf2 67. Kg4 Ke3 68. Bc6 Kd3 69. Bb5 Kc3
70. Ba4 Kb2 71. Kf5 Bd8 72. Kg4 Ka3 73. Kf5 Kb4 74. Kg4
{Game drawn by mutual agreement}
1/2-1/2

[Event "ICC tourney 2808 (40 10)"]
[Site "Internet Chess Club"]
[Date "2022.01.29"]
[Round "3"]
[White "Steviejay"]
[Black "MEI, ZERUI TITUS:Thankfulfortune"]
[Result "0-1"]
[ICCResult "White checkmated"]
[WhiteElo "1000"]
[BlackElo "1080"]
[Opening "Torre attack (Tartakower variation)"]
[ECO "D03"]
[NIC "QP.08"]
[Time "15:30:49"]
[PlyCount "92"]
[TimeControl "2400+10"]

1. d4 d5 2. Nf3 Nf6 3. Bg5 Bg4 4. Nbd2 Nc6 5. c3 e6 6. e3 Be7 7. Bd3 h6 8.
Bh4 a6 9. h3 Bh5 10. g4 Bg6 11. Bxg6 fxg6 12. Qc2 g5 13. Qg6+ Kd7 14. Bg3
Rg8 15. Ne5+ Nxe5 16. Bxe5 Qe8 17. Qc2 Bd6 18. Nf3 Ne4 19. Bxd6 Kxd6 20. Ne5
Rf8 21. Rf1 Rf6 22. Nc4+ Ke7 23. Ne5 Qf8 24. f4 gxf4 25. Rxf4 Kd8 26. Rxf6
Qxf6 27. O-O-O Kc8 28. Qg2 Qg5 29. Qf3 b6 30. Rf1 a5 31. Kd1 Kb7 32. Ke2 Qh4
33. Nd7 Ng3+ 34. Kd3 Nxf1 35. Qxf1 Qe7 36. Ne5 Rf8 37. Qd1 Qe8 38. a4 b5 39.
b3 Rf2 40. Qb1 Qg8 41. g5 hxg5 42. e4 dxe4+ 43. Ke3 Rf4 44. axb5 Qh7 45. Qh1
Qh4 46. Nc6 Qf2# {White checkmated} 0-1

[Event "ICC tourney 2808 (40 10)"]
[Site "Internet Chess Club"]
[Date "2022.01.29"]
[Round "4"]
[White "Zhong, Evan:zhangsai01"]
[Black "Steviejay"]
[Result "1-0"]
[ICCResult "Black resigns"]
[WhiteElo "940"]
[BlackElo "1000"]
[Opening "Caro-Kann: advance variation"]
[ECO "B12"]
[NIC "CK.04"]
[Time "17:45:43"]
[PlyCount "25"]
[TimeControl "2400+10"]

1. e4 c6 2. d4 d5 3. e5 Bf5 4. h4 h6 5. g4 Bh7 6. c4 e6 7. Nc3 Nd7 8. f4 Bb4
9. Ne2 Ne7 10. Qb3 Qa5 11. a3 dxc4 12. Qxb4 Qa4 13. Nxa4 {Black resigns} 1-0

[Event "ICC tourney 2808 (40 10)"]
[Site "Internet Chess Club"]
[Date "2022.01.29"]
[Round "4"]
[White "SCHWARTZ, DOUGLAS S:Douglas1"]
[Black "Bharathy Mohan, Aarav Sai:aaravbm"]
[Result "1-0"]
[ICCResult "Black checkmated"]
[WhiteElo "1393"]
[BlackElo "896"]
[Opening "Giuoco Piano"]
[ECO "C50"]
[NIC "IG.02"]
[Time "17:45:26"]
[PlyCount "69"]
[TimeControl "2400+10"]

1. e4 e5 2. Nf3 Nc6 3. Bc4 Bc5 4. O-O Nf6 5. d3 O-O 6. Bg5 h6 7. Bh4 d6 8.
h3 Nd4 9. c3 Nxf3+ 10. Qxf3 Be6 11. Bb3 Bxb3 12. axb3 Re8 13. Nd2 a6 14.
Rfe1 Re6 15. Nf1 Qd7 16. Ne3 Bb6 17. Nf5 Qe8 18. Qg3 Nh5 19. Qg4 f6 20.
Nxh6+ Kh8 21. Nf5 g6 22. Ng3 Nxg3 23. Bxg3 g5 24. h4 gxh4 25. Bxh4 Qf7 26.
g3 Rg8 27. Qh3 Qh7 28. Kg2 Rg6 29. Qxe6 Qxh4 30. Rh1 Rxg3+ 31. fxg3 Qxh1+
32. Rxh1+ Kg7 33. Qe7+ Kg6 34. Qh7+ Kg5 35. Qh5# {Black checkmated} 1-0